[Event "Titled Tuesday Blitz May 23 Early 2023"]
[White "Yeritsyan, Hayk"]
[Black "Salinas Herrera, Pablo"]
[WhiteFideId "13307320"]
[BlackFideId "3407128"]
[WhiteElo "2460"]
[BlackElo "2546"]
[Result "0-1"]
[Round "07"]
[TimeControl "180+2"]
[Date "2023.05.23"]
[WhiteClock "0:00:00"]
[BlackClock "0:00:13"]

1. Nf3 d5 2. b3 Nf6 3. Bb2 Bf5 4. e3 e6 5. Be2 h6 6. O-O Be7 7. d3 O-O 8. Nbd2 c5 9. Ne5 Nbd7 10. Ndf3 Bh7 11. c4 Nxe5 12. Nxe5 Qc7 13. f4 Rad8 14. Qc2 a6 15. Rad1 b5 16. cxb5 axb5 17. Rc1 Rc8 18. Qd2 Qa7 19. a3 Rfd8 20. g4 Nd7 21. Nxd7 Qxd7 22. Bf3 Bf8 23. Bg2 Qa7 24. f5 exf5 25. gxf5 c4 26. bxc4 dxc4 27. d4 Bxa3 28. Ra1 b4 29. Qxb4 Bxb4 30. Rxa7 Bd2 31. Bc1 Bxc1 32. Rxc1 Bxf5 33. e4 Bg6 34. d5 Re8 35. d6 Rcd8 36. Rd1 Re6 37. d7 Bxe4 38. Bh3 f5 39. Rc7 Kf7 40. Rxc4 Ke7 41. Rc7 g5 42. Kf2 Rd6 43. Rxd6 Kxd6 44. Ra7 Rxd7 45. Ra6+ Ke5 46. Rxh6 Rd2+ 47. Kg1 Rd1+ 48. Kf2 Kf4 49. Bf1 Rd2+ 50. Ke1 Rb2 51. Ra6 Rxh2 52. Ra3 g4 53. Ra4 Rb2 54. Bd3 g3 55. Bxe4 fxe4 56. Kf1 Kf3 57. Ra1 e3 58. Kg1 Rg2+ 59. Kh1 Rf2 60. Kg1 g2 61. Rc1 e2 62. Rc3+ Ke4 63. Kxf2 g1=Q+ 64. Kxe2 Qg2+ 65. Kd1 Kd4 0-1


[Site "https://www.chess.com"]

[Event "Titled Tuesday Blitz May 23 Early 2023"]
[White "Danielyan, Vahe"]
[Black "Bryakin, Mikhail"]
[WhiteFideId "13304828"]
[BlackFideId "4165314"]
[WhiteElo "2423"]
[BlackElo "2467"]
[Result "0-1"]
[Round "07"]
[TimeControl "180+2"]
[Date "2023.05.23"]
[WhiteClock "0:00:00"]
[BlackClock "0:00:13"]

1. d4 f5 2. g3 Nf6 3. Bg2 g6 4. Nd2 Bg7 5. e4 d6 6. exf5 gxf5 7. Ngf3 O-O 8. O-O Nc6 9. Re1 e6 10. c3 Bd7 11. Qb3 Na5 12. Qc2 Re8 13. Nh4 Rb8 14. Nb3 Nc4 15. Bg5 h6 16. Bf4 b5 17. Rad1 Rb6 18. Nc5 Bc8 19. b3 Na5 20. Nd3 Bb7 21. Bxb7 Nxb7 22. Qe2 Qd7 23. Qf3 Nd8 24. Qe3 Nd5 25. Qd2 Kh7 26. c4 Nxf4 27. Nxf4 bxc4 28. bxc4 Qf7 29. Qe2 Rb4 30. a3 Rb8 31. Rd3 Nc6 32. Qd1 e5 33. dxe5 Nxe5 34. Rd5 Rb2 35. Re3 Reb8 36. Qh5 Rf8 37. Qxf7 Rxf7 38. c5 Ng4 39. Rf3 Ne5 40. Re3 Nc4 41. Re2 Rxe2 42. Nxe2 Be5 43. cxd6 Bxd6 44. Nxf5 Bxa3 45. Nfd4 Bf8 46. Ne6 Bd6 47. N2d4 Ne5 48. Nb5 Ng4 49. Nxd6 cxd6 50. f4 Rb7 51. Rxd6 Ne3 52. Rd7+ Rxd7 53. Nf8+ Kg7 54. Nxd7 a5 55. Nc5 Kf6 56. Kf2 Ng4+ 57. Kg2 Kf5 58. h3 Ne3+ 59. Kf3 Nc4 60. g4+ Kf6 61. Ke4 Nd2+ 62. Kd5 Nf1 63. Ne4+ Kg7 64. Nc3 Ne3+ 65. Ke4 Nc2 66. h4 Nb4 67. h5 Nc6 68. Kf5 Nd4+ 69. Ke5 Nf3+ 70. Ke4 Nd2+ 71. Kd3 Nf3 72. Ke3 Ng1 73. g5 Nh3 74. g6 Kf6 75. Nd5+ Kg7 76. Nc3 Kf6 77. Ke4 Nf2+ 78. Kf3 Nd3 79. Nd5+ Kg7 80. f5 Ne5+ 81. Kf4 Nd7 82. Nc3 Nf6 83. Ke5 Nxh5 84. Ke6 Nf6 85. Nd5 Nxd5 86. Kxd5 Kf6 87. Kc5 h5 88. Kb5 h4 89. g7 Kxg7 0-1


[Site "https://www.chess.com"]

[Event "Titled Tuesday Blitz May 23 Early 2023"]
[White "Tristan, Leonardo"]
[Black "Shuvalov, Evgenij"]
[WhiteFideId "113816"]
[BlackFideId "4187237"]
[WhiteElo "2461"]
[BlackElo "2080"]
[Result "1-0"]
[Round "07"]
[TimeControl "180+2"]
[Date "2023.05.23"]
[WhiteClock "0:00:42"]
[BlackClock "0:00:15"]

1. d4 Nf6 2. Nf3 g6 3. Bf4 Bg7 4. e3 O-O 5. Be2 d5 6. O-O b6 7. a4 c5 8. c3 Nc6 9. h3 Bb7 10. Nbd2 e6 11. Qb3 Qe7 12. Qa3 Rfe8 13. a5 Nd7 14. a6 Bc8 15. Bb5 Nd8 16. Ne5 Bxe5 17. Bxe5 f6 18. Bg3 e5 19. e4 cxd4 20. Qxe7 Rxe7 21. cxd4 dxe4 22. Nxe4 Kg7 23. Rfc1 Ne6 24. Nd6 Nxd4 25. Rxc8 Nxb5 26. Rxa8 Nxd6 27. Rxa7 Kf7 28. Rxd7 Rxd7 29. a7 Rxa7 30. Rxa7+ Ke6 31. Rxh7 Nc4 32. Rb7 Kd6 33. b3 Kc6 34. Rf7 Nd2 35. Rxf6+ Kc5 36. f3 1-0


[Site "https://www.chess.com"]

[Event "Titled Tuesday Blitz May 23 Early 2023"]
[White "Ioannidis, Evgenios"]
[Black "Ibadov, Dashgyn"]
[WhiteFideId "4229274"]
[BlackFideId "24107514"]
[WhiteElo "2386"]
[BlackElo "2208"]
[Result "0-1"]
[Round "07"]
[TimeControl "180+2"]
[Date "2023.05.23"]
[WhiteClock "0:00:17"]
[BlackClock "0:00:05"]

1. d4 Nf6 2. c4 c5 3. d5 d6 4. Nc3 g6 5. e4 Bg7 6. h3 O-O 7. Bd3 e6 8. Nf3 exd5 9. exd5 Re8+ 10. Be3 Rxe3+ 11. fxe3 Qe7 12. Qd2 Nbd7 13. O-O Nh5 14. Rf2 Ne5 15. Be2 Ng3 16. e4 Bd7 17. Qe3 Rf8 18. Nd2 Qh4 19. Qf4 Qxf4 20. Rxf4 Bh6 21. Rf6 Bxd2 22. Bf3 Nxc4 23. Bg4 Bxg4 24. hxg4 Bxc3 25. bxc3 Nxe4 26. Rf4 Ned2 27. Re1 Nb6 28. Rf2 Ndc4 29. Re7 Nxd5 30. Rxb7 a5 31. g5 Nde3 32. a4 Nf5 33. Re2 Nfe3 34. Rf2 Kg7 35. Rf4 Ne5 36. Rf6 N3c4 37. Rf1 Re8 38. Rf4 Rd8 39. Rc7 Rd7 40. Rxd7 Nxd7 41. Rxc4 f6 42. Re4 Kf7 43. Rh4 fxg5 44. Rxh7+ Ke6 45. Kf2 Nb6 46. Rg7 Kf6 47. Ra7 Nxa4 48. Rxa5 Nxc3 49. Ke3 Ke5 50. Ra8 Nd5+ 51. Kf3 Nf6 52. Rc8 Kd4 53. Rf8 Ne4 54. Rg8 d5 55. Rxg6 c4 56. Rc6 Kd3 57. Rc5 d4 58. Re5 Nd2+ 59. Kg4 c3 60. Rxg5 c2 61. Rc5 Nc4 0-1


[Site "https://www.chess.com"]

[Event "Titled Tuesday Blitz May 23 Early 2023"]
[White "Gontcharov, Vladislav"]
[Black "Jia, Haoxiang"]
[WhiteFideId "4123492"]
[BlackFideId "8602999"]
[WhiteElo "2420"]
[BlackElo "2681"]
[Result "1-0"]
[Round "07"]
[TimeControl "180+2"]
[Date "2023.05.23"]
[WhiteClock "0:00:28"]
[BlackClock "0:00:48"]

1. d4 Nf6 2. c4 g6 3. Nc3 Bg7 4. Nf3 d5 5. Bg5 Ne4 6. cxd5 Nxg5 7. Nxg5 e6 8. Nf3 exd5 9. e3 O-O 10. b4 c6 11. Rb1 Bg4 12. Be2 b5 13. O-O a5 14. a4 axb4 15. Rxb4 Na6 16. Rb1 b4 17. Na2 Qa5 18. Bxa6 Rxa6 19. Rxb4 Rfa8 20. h3 Bxf3 21. Qxf3 R6a7 22. Rfb1 Qc7 23. Nc3 Bf8 24. R4b3 Bd6 25. g3 h5 26. h4 Kg7 27. Kg2 Qc8 28. Rb6 Rb8 29. Qd1 Rxb6 30. Rxb6 Ra6 31. Qb3 Bc7 32. Rb7 Ba5 33. Ne2 Qf5 34. Nf4 Qe4+ 35. Kh2 Qf3 36. Nh3 Be1 37. Qc2 Kg8 38. Rb1 Ba5 39. Ng5 Qg4 40. Rb8+ Kg7 41. Rb7 Bd8 42. Rxf7+ Kg8 43. Rf4 Qd7 44. Qxg6+ 1-0


[Site "https://www.chess.com"]

[Event "Titled Tuesday Blitz May 23 Early 2023"]
[White "Simonian, Hrair"]
[Black "Ginzburg, Yakov"]
[WhiteFideId "13302337"]
[BlackFideId "4157176"]
[WhiteElo "2447"]
[BlackElo "2305"]
[Result "1-0"]
[Round "07"]
[TimeControl "180+2"]
[Date "2023.05.23"]
[WhiteClock "0:01:44"]
[BlackClock "0:00:07"]

1. e4 c5 2. Nc3 e6 3. Nf3 Nc6 4. Bb5 Nd4 5. Bc4 g6 6. Nxd4 cxd4 7. Nb5 Qb6 8. c3 d5 9. exd5 exd5 10. Qe2+ Be6 11. Bxd5 d3 12. Qxd3 O-O-O 13. Qc4+ Kb8 14. Bxe6 fxe6 15. d4 e5 16. Be3 a6 17. a4 axb5 18. axb5 exd4 19. Bxd4 Rxd4 20. cxd4 Nf6 21. O-O Ne8 22. Ra8+ Kxa8 23. Qc8+ Ka7 24. Ra1+ Qa6 25. bxa6 1-0


[Site "https://www.chess.com"]

[Event "Titled Tuesday Blitz May 23 Early 2023"]
[White "Prohaszka, Peter"]
[Black "Arat, Ufuk Sezen"]
[WhiteFideId "726265"]
[BlackFideId "6309089"]
[WhiteElo "2626"]
[BlackElo "2289"]
[Result "1-0"]
[Round "07"]
[TimeControl "180+2"]
[Date "2023.05.23"]
[WhiteClock "0:00:06"]
[BlackClock "0:00:01"]

1. d4 d5 2. Nf3 Nf6 3. c3 g6 4. Bg5 Bg7 5. Nbd2 O-O 6. e3 Ne4 7. Nxe4 dxe4 8. Nd2 h6 9. Bf4 g5 10. Bg3 f5 11. Bc4+ e6 12. h4 f4 13. hxg5 fxg3 14. gxh6 gxf2+ 15. Kf1 Bf6 16. Nxe4 Qe7 17. Rh3 Kh8 18. Nxf6 Qxf6 19. Qh5 Qf5 20. Rf3 Qxh5 21. Rxf8+ Kh7 22. Bd3+ Kxh6 23. Rh8+ Kg5 24. Rxh5+ Kxh5 25. Kxf2 Nc6 26. Rh1+ Kg5 27. Rh7 Kf6 28. Rxc7 Ne7 29. e4 Kf7 30. c4 Ke8 31. d5 exd5 32. cxd5 Bd7 33. Rxb7 Ng6 34. Ke3 Ne5 35. Be2 Ke7 36. Kd4 Kd6 37. b3 a5 38. Rb6+ Kc7 39. Rh6 Nf7 40. Rh7 Nd6 41. Bg4 Rd8 42. e5 Nb5+ 43. Kc5 Kc8 44. Rxd7 1-0


[Site "https://www.chess.com"]

[Event "Titled Tuesday Blitz May 23 Early 2023"]
[White "Srihari L R"]
[Black "Ordekalog"]
[WhiteFideId "46617116"]
[WhiteElo "2334"]
[BlackElo "2514"]
[Result "1/2-1/2"]
[Round "07"]
[TimeControl "180+2"]
[Date "2023.05.23"]
[WhiteClock "0:00:05"]
[BlackClock "0:00:08"]

1. e4 d5 2. exd5 Qxd5 3. Nc3 Qa5 4. d4 Nf6 5. Nf3 Bg4 6. h3 Bh5 7. g4 Bg6 8. Ne5 Nbd7 9. Nc4 Qa6 10. Bf4 Qe6+ 11. Qe2 Qxe2+ 12. Bxe2 Bxc2 13. Rc1 Bg6 14. Nb5 Nd5 15. Nxc7+ Nxc7 16. Bxc7 Rc8 17. Bf4 Rc6 18. Bf3 Re6+ 19. Kd2 Be4 20. d5 Rf6 21. Bxe4 Rxf4 22. f3 g5 23. Na5 Nb6 24. Nc4 Nxd5 25. Ne5 e6 26. Rc8+ Ke7 27. Nd3 Rf6 28. Bxd5 exd5 29. Re1+ Re6 30. Rc7+ Kd6 31. Rxf7 Be7 32. Rxe6+ Kxe6 33. Rf5 h5 34. Re5+ Kd6 35. Rf5 hxg4 36. hxg4 Rh2+ 37. Kc3 Bd8 38. Nb4 d4+ 39. Kxd4 Rxb2 40. Nd3 Rxa2 41. Rd5+ Kc7 42. Nc5 Rd2+ 43. Nd3 a5 44. Ke3 Rd1 45. Rc5+ Kb6 46. Rd5 Be7 47. Re5 Bd6 48. Rxg5 a4 49. Nb2 Re1+ 50. Kf2 Rb1 51. Nxa4+ Kc6 52. Nc3 Rc1 53. Ne4 Bc7 54. Rg6+ Kd5 55. Ke3 b5 56. Kd2 Rh1 57. Nc3+ Kc5 58. Rg5+ Kc4 59. Rxb5 Bf4+ 60. Kc2 Rh2+ 61. Kd1 Kxc3 62. Rd5 Ra2 63. Rd7 Bg3 64. g5 Rg2 65. g6 Bf4 66. g7 Bh6 67. f4 Rxg7 68. Rxg7 Bxg7 69. f5 Bf6 70. Ke2 Kd4 71. Kf3 Ke5 72. Kg4 Ke4 73. Kh5 Kxf5 1/2-1/2


[Site "https://www.chess.com"]

[Event "Titled Tuesday Blitz May 23 Early 2023"]
[White "Lehtosaari, Mauri"]
[Black "MKlose11"]
[WhiteFideId "501999"]
[WhiteElo "2507"]
[BlackElo "2677"]
[Result "0-1"]
[Round "07"]
[TimeControl "180+2"]
[Date "2023.05.23"]
[WhiteClock "0:00:18"]
[BlackClock "0:01:50"]

1. d4 Nf6 2. Nf3 c5 3. e3 cxd4 4. exd4 d5 5. h3 Nc6 6. Bd3 Nb4 7. Be2 Bf5 8. Na3 Rc8 9. c3 Nc6 10. Nc2 e6 11. Ne3 Bg6 12. O-O Bd6 13. b3 O-O 14. Bb2 a6 15. Rc1 Re8 16. Re1 Qa5 17. Bd3 Bxd3 18. Qxd3 Qxa2 19. Ra1 Qxb2 20. Reb1 Nb4 21. Rxb2 Nxd3 22. Rc2 Nf4 0-1


[Site "https://www.chess.com"]

[Event "Titled Tuesday Blitz May 23 Early 2023"]
[White "Alex_Sahakyan2006"]
[Black "Devaev, Alexander"]
[BlackFideId "4169395"]
[WhiteElo "2670"]
[BlackElo "2172"]
[Result "1-0"]
[Round "07"]
[TimeControl "180+2"]
[Date "2023.05.23"]
[WhiteClock "0:00:19"]
[BlackClock "0:00:00"]

1. d4 Nf6 2. Nf3 e6 3. Bf4 c5 4. e3 Qb6 5. Nc3 a6 6. Na4 Qa5+ 7. c3 cxd4 8. exd4 b5 9. Nc5 d6 10. Nb3 Qb6 11. a4 bxa4 12. Rxa4 a5 13. Nfd2 d5 14. Qa1 Nc6 15. Bd3 Be7 16. O-O O-O 17. Qa2 Ba6 18. Bxa6 Qxa6 19. Ra1 Qd3 20. Qb1 Qb5 21. Qf1 Rfb8 22. Bxb8 Qxb8 23. h3 Bd8 24. R1a2 Ra7 25. Nc5 h6 26. Qa1 Bb6 27. Nd3 Qd6 28. Qe1 Bc7 29. g3 Rb7 30. Kg2 h5 31. h4 Ng4 32. Nf3 Nf6 33. Ng5 Ng4 34. Qe2 Nf6 35. Qf3 Qd7 36. Nc5 Qc8 37. Nxb7 Qxb7 38. Qd3 Qb8 39. b4 Qb7 40. bxa5 Qa7 41. a6 g6 42. Rb2 Nd8 43. Qf3 Kg7 44. Rb5 Qa8 45. c4 Qa7 46. cxd5 Nxd5 47. Rxd5 exd5 48. Qxd5 Qb6 49. a7 Nc6 50. a8=Q 1-0


[Site "https://www.chess.com"]

[Event "Titled Tuesday Blitz May 23 Early 2023"]
[White "Begmuratov, Alisher"]
[Black "Garakov, Mikhael"]
[WhiteFideId "14203367"]
[BlackFideId "4169034"]
[WhiteElo "2387"]
[BlackElo "2347"]
[Result "1-0"]
[Round "07"]
[TimeControl "180+2"]
[Date "2023.05.23"]
[WhiteClock "0:01:25"]
[BlackClock "0:00:10"]

1. c4 Nf6 2. g3 g6 3. Bg2 Bg7 4. b3 O-O 5. Bb2 c6 6. Nf3 d5 7. O-O Bg4 8. d3 Nbd7 9. Nbd2 a5 10. a3 e6 11. Ra2 Qe7 12. Qa1 Rfc8 13. Rc1 b5 14. h3 Bxf3 15. Nxf3 Ne8 16. Bxg7 Nxg7 17. cxb5 cxb5 18. Nd4 Nc5 19. b4 axb4 20. axb4 Na4 21. Nc6 Qd6 22. Rac2 Re8 23. Qf6 Nf5 24. g4 Ne7 25. Ne5 Rf8 26. Rc7 Rac8 27. Rxc8 Nxc8 28. g5 Ne7 29. Ng4 Nf5 30. Nh6+ 1-0


[Site "https://www.chess.com"]

[Event "Titled Tuesday Blitz May 23 Early 2023"]
[White "Heinemann, Josefine"]
[Black "Korchmar, Vasiliy"]
[WhiteFideId "12900460"]
[BlackFideId "24131750"]
[WhiteElo "2342"]
[BlackElo "2370"]
[Result "1/2-1/2"]
[Round "07"]
[TimeControl "180+2"]
[Date "2023.05.23"]
[WhiteClock "0:00:42"]
[BlackClock "0:00:03"]

1. e4 c5 2. Nf3 d6 3. d4 cxd4 4. Nxd4 Nf6 5. Nc3 Nc6 6. Bg5 Bd7 7. Qd2 a6 8. O-O-O e6 9. f4 Be7 10. Nxc6 Bxc6 11. Bd3 b5 12. Kb1 b4 13. Ne2 Nxe4 14. Bxe4 Bxe4 15. Bxe7 Qxe7 16. Qxd6 Bxg2 17. Rhg1 Bf3 18. Qd3 Bxe2 19. Qxe2 O-O 20. f5 Qf6 21. fxe6 Qxe6 22. Qg2 g6 23. h4 h5 24. Qg5 Kh7 25. Rdf1 Rae8 26. b3 Rg8 27. Rf6 Qe7 28. Rgf1 Rgf8 29. Rg1 Rg8 30. Rgf1 Rg7 31. Qf4 Rf8 32. Rxa6 f5 33. Rd6 Rc8 34. Rd4 Qe2 35. Rc1 Rgc7 36. Rd2 Qb5 37. Rg2 Qb6 38. Rd2 Ra7 39. Rd6 Qa5 40. a4 bxa3 41. Ka2 Qc3 42. Qd4 Qxd4 43. Rxd4 Rf7 44. c4 f4 45. Kxa3 f3 46. Rf1 f2 47. Rd2 Rcf8 48. c5 g5 49. hxg5 Kg6 50. c6 Kxg5 51. c7 Rxc7 52. Rdxf2 Rxf2 53. Rxf2 h4 54. b4 h3 55. b5 Rc4 56. Kb3 Re4 57. Rb2 Kg4 58. Kc3 Kg3 59. b6 Re8 60. Kc4 h2 61. Rxh2 Kxh2 62. Kd5 Kg3 63. b7 Kf4 64. Kd6 Rb8 65. Kc7 Rxb7+ 66. Kxb7 1/2-1/2


[Site "https://www.chess.com"]

[Event "Titled Tuesday Blitz May 23 Early 2023"]
[White "Lewicki, Miroslaw"]
[Black "Ramirez Vido, Robert Yorisan"]
[WhiteFideId "1113380"]
[BlackFideId "3513823"]
[WhiteElo "2212"]
[BlackElo "2451"]
[Result "1-0"]
[Round "07"]
[TimeControl "180+2"]
[Date "2023.05.23"]
[WhiteClock "0:01:43"]
[BlackClock "0:00:00"]

1. b3 Nf6 2. Bb2 g6 3. g3 Bg7 4. Bg2 O-O 5. Nf3 d6 6. O-O Nc6 7. d4 e5 8. d5 Ne7 9. c4 Nh5 10. e4 f5 11. Nbd2 f4 12. Ng5 Nxd5 13. Nxh7 Kxh7 14. cxd5 Bh6 15. g4 Qg5 16. gxh5 Bh3 17. Qf3 Bg4 18. h4 Qxh4 19. Qd3 f3 20. Nxf3 Bxf3 21. Bxf3 Bf4 22. Rfc1 Bh2+ 23. Kf1 Rf4 24. Rxc7+ Kh6 25. Bc1 1-0


[Site "https://www.chess.com"]

[Event "Titled Tuesday Blitz May 23 Early 2023"]
[White "Matveeva, Olga"]
[Black "Filgueira, Hernan"]
[WhiteFideId "24107018"]
[BlackFideId "101770"]
[WhiteElo "2009"]
[BlackElo "2363"]
[Result "0-1"]
[Round "07"]
[TimeControl "180+2"]
[Date "2023.05.23"]
[WhiteClock "0:00:01"]
[BlackClock "0:00:14"]

1. d4 d6 2. Nf3 g6 3. c4 Bg7 4. g3 f5 5. Bg2 Nf6 6. O-O O-O 7. d5 c5 8. Nc3 Na6 9. Nd2 Nc7 10. e4 Rb8 11. a4 e5 12. dxe6 Nxe6 13. exf5 gxf5 14. Nf3 a6 15. Re1 Ng4 16. Nd5 Nd4 17. h3 Ne5 18. Nxd4 cxd4 19. Bf4 b6 20. b3 Kh8 21. Qd2 Rb7 22. Bg5 Qd7 23. f4 Ng6 24. Rad1 b5 25. cxb5 axb5 26. a5 Qf7 27. b4 Be6 28. Nb6 Ra7 29. Bc6 Bc4 30. Kh2 h6 31. Bh4 Nxh4 32. gxh4 Qh5 33. Rg1 Qxh4 34. Rg3 d3 35. Rdg1 Bd4 36. R1g2 Rg7 37. Rxg7 Bxg7 38. a6 Bd4 39. a7 Bxb6 40. a8=Q Rxa8 41. Bxa8 d5 42. Qb2+ d4 43. Qa1 Qxf4+ 44. Kh1 d2 45. Bf3 Qb8 46. Bd1 Qe8 47. Qb2 Bd5 48. Qxd2 Bxg2+ 49. Qxg2 Qe1+ 50. Kh2 Bc7+ 0-1


[Site "https://www.chess.com"]

[Event "Titled Tuesday Blitz May 23 Early 2023"]
[White "Sielecki, Christof"]
[Black "Kirillov, Dmitry"]
[WhiteFideId "4620437"]
[BlackFideId "34180572"]
[WhiteElo "2443"]
[BlackElo "2161"]
[Result "1-0"]
[Round "07"]
[TimeControl "180+2"]
[Date "2023.05.23"]
[WhiteClock "0:00:18"]
[BlackClock "0:00:01"]

1. e4 c6 2. d4 d5 3. exd5 cxd5 4. Bd3 Nc6 5. c3 Nf6 6. h3 g6 7. Nf3 Bg7 8. O-O O-O 9. Re1 Bf5 10. Bf1 Rc8 11. Bf4 Qb6 12. Qb3 Rfe8 13. Nbd2 Na5 14. Qa3 Ne4 15. Nxe4 Bxe4 16. Ng5 Bh6 17. f3 Bf5 18. Rxe7 Bf8 19. Rxe8 Rxe8 20. Qa4 Nc6 21. Qb3 h6 22. Nxf7 Qxb3 23. axb3 Kxf7 24. b4 a6 25. b5 axb5 26. Bxb5 g5 27. Bg3 Rd8 28. h4 Bd6 29. Bxd6 Rxd6 30. hxg5 hxg5 31. Kf2 g4 32. fxg4 Bxg4 33. Kg3 Bd7 34. Rh1 Rg6+ 35. Kf2 Rf6+ 36. Ke3 Re6+ 37. Kd2 Ke7 38. Bd3 Kd6 39. b4 Rf6 40. Ke3 Ne7 41. Rh7 Bf5 42. Rh8 Bxd3 43. Kxd3 Rg6 44. Rh2 Nf5 45. Kc2 Rg3 46. Kb2 Ne3 47. Rh6+ Kc7 48. Rh7+ Kb6 49. Kb3 Nd1 50. Rh5 Nxc3 51. Kc2 Rxg2+ 52. Kxc3 Rg3+ 53. Kc2 Rg2+ 54. Kb3 Kc6 55. Ka4 Ra2+ 56. Kb3 Rd2 57. Kc3 Rg2 58. Rh3 Rg5 59. Kb3 Kb5 60. Rc3 b6 61. Rd3 Rg4 62. Kc3 Rg1 63. Rh3 Rc1+ 64. Kb3 Rc4 65. Rh5 Rxb4+ 66. Kc3 Rc4+ 67. Kd3 Kc6 68. Rh6+ Kb5 69. Rd6 Rc6 70. Rxd5+ Kb4 71. Rd8 b5 72. d5 Rh6 73. Kd4 Rh4+ 74. Ke5 Kc3 75. d6 b4 76. d7 Kb2 77. Rb8 Rh5+ 78. Kd4 Rh4+ 79. Kc5 Rh5+ 80. Kxb4 Rd5 81. d8=Q Rxd8 82. Rxd8 Kc2 83. Rd7 1-0


[Site "https://www.chess.com"]

[Event "Titled Tuesday Blitz May 23 Early 2023"]
[White "djokovic74"]
[Black "LeoLV10"]
[WhiteElo "2597"]
[BlackElo "2408"]
[Result "1-0"]
[Round "07"]
[TimeControl "180+2"]
[Date "2023.05.23"]
[WhiteClock "0:00:37"]
[BlackClock "0:00:45"]

1. e4 c6 2. Nf3 d5 3. Nc3 Bg4 4. d4 e6 5. h3 Bxf3 6. Qxf3 Nd7 7. Bd3 dxe4 8. Nxe4 Ngf6 9. c3 Nxe4 10. Qxe4 Nf6 11. Qe2 Be7 12. O-O h6 13. Bf4 O-O 14. Rad1 Re8 15. Rfe1 Bd6 16. Bc1 Qc7 17. Qf3 Nd7 18. b4 Rad8 19. g3 b6 20. Bc2 c5 21. bxc5 bxc5 22. Ba4 cxd4 23. Rxd4 Ne5 24. Qe2 Rf8 25. Rxd6 Qxd6 26. Qxe5 Qd3 27. Bb3 Qg6 28. c4 Rc8 29. c5 Rfd8 30. Be3 Qd3 31. Rc1 Rc6 32. Ba4 Ra6 33. Bb3 Qb5 34. Bc4 Qc6 35. Bxa6 Qxa6 1-0


[Site "https://www.chess.com"]

[Event "Titled Tuesday Blitz May 23 Early 2023"]
[White "Nikologorskiy, Konstantin"]
[Black "Marcziter, Dmitrii"]
[WhiteFideId "24111708"]
[BlackFideId "13900765"]
[WhiteElo "2273"]
[BlackElo "2162"]
[Result "0-1"]
[Round "07"]
[TimeControl "180+2"]
[Date "2023.05.23"]
[WhiteClock "0:00:00"]
[BlackClock "0:00:14"]

1. d4 Nf6 2. c4 g6 3. Nf3 Bg7 4. Nc3 O-O 5. e4 d6 6. Be2 Na6 7. O-O c5 8. Be3 Ng4 9. Bg5 h6 10. Bh4 cxd4 11. Nxd4 Bxd4 12. Qxd4 e5 13. Bxd8 exd4 14. Nd5 Rxd8 15. Ne7+ Kf8 16. Nxc8 Nf6 17. Nxa7 Rxa7 18. f3 Nc5 19. Rfd1 Ne6 20. a3 Nd7 21. g3 Rda8 22. Bf1 Ndc5 23. Kf2 f5 24. exf5 gxf5 25. Bh3 f4 26. Bxe6 Nxe6 27. gxf4 Ra5 28. Re1 Kf7 29. Re4 Re8 30. Rae1 Rf5 31. Kg3 h5 32. Rd1 Rg8+ 33. Kf2 Rc8 34. b3 d5 35. cxd5 Rxd5 36. Rde1 Re8 37. b4 b5 38. Re5 Rxe5 39. Rxe5 Rd8 40. Ke1 d3 41. Rxb5 Nd4 42. Rxh5 Nxf3+ 43. Kd1 d2 44. Rh3 Rd3 45. a4 Re3 46. Rxf3 Rxf3 47. Kxd2 Rb3 48. b5 Rb4 49. Kc3 Rxa4 50. b6 Ra6 0-1


[Site "https://www.chess.com"]

[Event "Titled Tuesday Blitz May 23 Early 2023"]
[White "Real_taiatai"]
[Black "Vestby-Ellingsen, Mads"]
[BlackFideId "1520857"]
[WhiteElo "2359"]
[BlackElo "2244"]
[Result "1-0"]
[Round "07"]
[TimeControl "180+2"]
[Date "2023.05.23"]
[WhiteClock "0:00:12"]
[BlackClock "0:00:00"]

1. e4 e5 2. Nf3 Nc6 3. Bb5 a6 4. Ba4 f5 5. d3 fxe4 6. dxe4 Nf6 7. Bxc6 bxc6 8. O-O d6 9. Nc3 Be7 10. Qe2 Be6 11. Ng5 Qd7 12. f4 exf4 13. Bxf4 O-O 14. Rad1 h6 15. Nxe6 Qxe6 16. e5 Nd5 17. exd6 Qxe2 18. Nxe2 Nxf4 19. Nxf4 Bxd6 20. Nd3 Rxf1+ 21. Rxf1 Re8 22. Re1 Rxe1+ 23. Nxe1 Kf7 24. g3 Ke6 25. Kf2 Kd5 26. Ke3 h5 27. b3 g5 28. c4+ Ke5 29. Nf3+ Kf5 30. Nd4+ Kg4 31. Ne6 Kh3 32. Nxg5+ Kxh2 33. Kf3 Bxg3 34. Ne4 Be5 35. Nc5 h4 36. Nd3 Bd6 37. Kf2 Bg3+ 38. Kf1 Kh3 39. Nb4 Kh2 40. Nxa6 Be5 41. Nb4 1-0


[Site "https://www.chess.com"]

[Event "Titled Tuesday Blitz May 23 Early 2023"]
[White "DIM90"]
[Black "Melian, Juan Sebastian"]
[BlackFideId "3706575"]
[WhiteElo "2270"]
[BlackElo "2092"]
[Result "0-1"]
[Round "07"]
[TimeControl "180+2"]
[Date "2023.05.23"]
[WhiteClock "0:00:02"]
[BlackClock "0:00:04"]

1. e4 c5 2. d4 cxd4 3. c3 Nf6 4. e5 Nd5 5. cxd4 e6 6. Nf3 d6 7. Bc4 Be7 8. O-O O-O 9. exd6 Bxd6 10. Nc3 Nxc3 11. bxc3 Nd7 12. Re1 Qc7 13. Qe2 b6 14. Bd3 Bb7 15. Ng5 Nf6 16. h3 Qxc3 17. Bb2 Qa5 18. d5 Qxd5 19. Ne4 Nxe4 20. Rad1 Rfd8 21. Qg4 Qg5 22. Rxe4 Qxg4 23. Rxg4 Bf8 24. Bf6 Rd5 25. Be2 Rxd1+ 26. Bxd1 Rc8 27. Bb3 g6 28. Rd4 Bc6 29. Rd2 Bg7 30. Bg5 h6 31. Be3 Bf8 32. Re2 Rc7 33. Bd4 Rd7 34. Bb2 Bg7 35. Ba3 Bd4 36. Kh2 Bc5 37. Bb2 Bd6+ 38. Kg1 Be7 39. g3 Bf8 40. Kh2 Bg7 41. Ba3 Bf8 42. Bb2 Bg7 43. Ba3 a5 44. h4 a4 45. Bc4 b5 46. Bxe6 fxe6 47. Rxe6 Bd5 48. Rxg6 Kf7 49. Rb6 Bc4 50. Bc5 Rd1 51. Rb7+ Kg6 52. Rb6+ Kf5 53. Be3 Bd5 54. f3 Bxf3 55. Rxb5+ Ke4 56. Bg1 Rd2+ 57. Kh3 h5 58. Rb4+ Kd5 59. g4 Bxg4+ 60. Kg3 Be5+ 61. Rf4 Rd3+ 62. Kf2 Bxf4 0-1


[Site "https://www.chess.com"]

[Event "Titled Tuesday Blitz May 23 Early 2023"]
[White "Hajiyev, Kanan"]
[Black "Djordjevic, Vuk"]
[WhiteFideId "13404148"]
[BlackFideId "902098"]
[WhiteElo "2103"]
[BlackElo "2452"]
[Result "0-1"]
[Round "07"]
[TimeControl "180+2"]
[Date "2023.05.23"]
[WhiteClock "0:00:00"]
[BlackClock "0:02:36"]

1. d4 Nf6 2. c4 c5 3. Nf3 cxd4 4. Nxd4 Nc6 5. Nc3 g6 6. e4 d6 7. Be3 Bg7 8. Be2 O-O 9. O-O Nxd4 10. Bxd4 Be6 11. Rc1 Nd7 12. Bxg7 Kxg7 13. Qd4+ Kg8 14. h4 Qb6 15. Qd2 Rac8 16. b3 Qa5 17. Rfd1 Rc5 18. h5 Rfc8 19. Qf4 a6 20. h6 b5 21. a4 bxc4 22. Bxc4 Bxc4 23. bxc4 Rxc4 24. Nd5 Qd8 25. Rxc4 Rxc4 26. a5 e6 27. Qxd6 exd5 28. Qxd5 Rc7 29. Qe5 f6 30. Qe6+ Kf8 31. e5 Qe7 32. Qxa6 fxe5 33. Rd3 Nf6 34. Qa8+ Kf7 35. Rf3 e4 36. Qd5+ Qe6 37. Rxf6+ Kxf6 38. Qd8+ Re7 39. Qh8+ Kg5 40. a6 e3 41. fxe3 Qxe3+ 42. Kh2 Qe5+ 43. Kh3 Qxh8 0-1


[Site "https://www.chess.com"]

[Event "Titled Tuesday Blitz May 23 Early 2023"]
[White "Korkmaz, Necmettin"]
[Black "Weetik, Vjacheslav"]
[WhiteFideId "6303285"]
[BlackFideId "4153472"]
[WhiteElo "2097"]
[BlackElo "2469"]
[Result "0-1"]
[Round "07"]
[TimeControl "180+2"]
[Date "2023.05.23"]
[WhiteClock "0:01:43"]
[BlackClock "0:01:24"]

1. e4 c6 2. d4 d5 3. Nc3 dxe4 4. Nxe4 Bf5 5. Ng3 Bg6 6. h4 h6 7. Nf3 e6 8. h5 Bh7 9. Bd3 Bxd3 10. Qxd3 Nf6 11. Bd2 c5 12. O-O-O Nc6 13. Be3 Qa5 14. Kb1 Be7 15. dxc5 Bxc5 16. Bxc5 Qxc5 17. Ne4 Nxe4 18. Qxe4 O-O 19. Qe2 Rfd8 20. g4 Nb4 21. c3 Nd5 22. Rd4 Rd6 23. Rhd1 Rb6 24. Qc2 Qxc3 25. R4d3 Qxc2+ 26. Kxc2 Nb4+ 0-1


[Site "https://www.chess.com"]